 Dungeon Crawl Stone Soup version 0.31.0-32-g396128a36d (webtiles) character file.

Game seed: 17476735197026572394

2513 firemarshallily the Geomancer (level 9, -5/68 HPs)
             Began as a Formicid Earth Elementalist on Apr 21, 2024.
             Was a Follower of Sif Muna.
             Killed from afar by Maggie (8 damage)
             ... with a bolt of fire
             ... on level 7 of the Dungeon.
             The game lasted 00:18:44 (7123 turns).

firemarshallily the Geomancer (FoEE)                Turns: 7123, Time: 00:18:45

Health: -5/68      AC:  6    Str: 14    XL:     9   Next: 83%
Magic:  11/19      EV: 11    Int: 18    God:    Sif Muna [*.....]
Gold:   395        SH:  0    Dex: 14    Spells: 11/22 levels left

rFire   . . .        b - +2 dire flail (protect)
rCold   + . .        (no shield)
rNeg    . . .        q - +3 leather armour
rPois   .            (helmet unavailable)
rElec   .            (no cloak)
rCorr   +            (no gloves)
SInv    +            (no boots)
Will    .....        (no amulet)
Stlth   ++           d - ring of protection from cold
HPRegen 0.31/turn    p - ring of resist corrosion
MPRegen 0.16/turn

%: no passive effects
@: mesmerised
A: permanent stasis, dig shafts and tunnels, antennae 3, four strong arms
a: Dig, Shaft Self, Renounce Religion, Channel Magic


You were on level 7 of the Dungeon.
You worshipped Sif Muna.
Sif Muna was aware of your devotion.
You visited 2 branches of the dungeon, and saw 8 of its levels.

You collected 395 gold pieces.

Inventory:

Hand Weapons
 b - a +2 dire flail of protection (weapon)
 n - the +1 great sword of the Badger {drain, rF+ Will+ Int-3 Stlth+}
   (You found it on level 2 of the Dungeon)

   Int-3:     It affects your intelligence (-3).
   rF+:       It protects you from fire.
   Will+:     It increases your willpower.
   Stlth+:    It makes you more stealthy.
Missiles
 s - 3 boomerangs
 y - 6 poisoned darts
Armour
 a - a +0 robe
 q - a +3 leather armour (worn)
Jewellery
 d - a ring of protection from cold (left hand)
 p - a ring of resist corrosion (right hand)
Wands
 t - a wand of mindburst (2)
Scrolls
 c - 3 scrolls of revelation
 e - 3 scrolls of poison
 f - a scroll of immolation
 g - 3 scrolls of fog
 l - a scroll of blinking {unknown}
 r - a scroll of noise {unknown}
 v - a scroll of acquirement {unknown}
 w - a scroll of enchant armour
Potions
 i - a potion of heal wounds {unknown}
 j - a potion of haste
 m - 2 potions of enlightenment
 x - a potion of attraction
 z - a potion of resistance


   Skills:
 + Level 5.1 Fighting
 - Level 1.7 Dodging
 - Level 2.4 Stealth
 * Level 7.2 Spellcasting
 + Level 4.4 Conjurations
 * Level 9.1 Earth Magic
 + Level 4.3 Invocations


You had 11 spell levels left.
You knew the following spells:

 Your Spells              Type           Power      Damage    Failure   Level
a - Sandblast             Erth           78%        2d17      1%          1
b - Stone Arrow           Conj/Erth      62%        3d10      2%          3
c - Passwall              Erth           39%        N/A       1%          3
d - Brom's Barrelling Bo  Conj/Erth      31%        2d5       9%          4

Your spell library contained the following spells:

 Spells                   Type           Power      Damage    Failure   Level
 Magic Dart               Conj           88%        1d7       2%          1
 Momentum Strike          Conj/Tloc      28%        3d8       9%          2
 Call Imp                 Summ           12%        N/A       21%         2
 Ensorcelled Hibernation  Hex/Ice        12%        N/A       21%         2
 Lesser Beckoning         Tloc           12%        N/A       21%         2
 Petrify                  Alch/Erth      23%        N/A       21%         4
 Fugue of the Fallen      Necr           6%         N/A       38%         3
 Gell's Gravitas          Tloc           6%         N/A       38%         3
 Inner Flame              Hex/Fire       6%         N/A       38%         3
 Teleport Other           Tloc           6%         N/A       38%         3
 Flame Wave               Conj/Fire      14%        2d6       47%         4
 Anguish                  Hex/Necr       3%         N/A       80%         4
 Sticky Flame             Fire/Alch      6%         2d4       80%         4
 Blink                    Tloc           Unusable   N/A       N/A         2

Dungeon Overview and Level Annotations

Branches:
Dungeon (7/15)             Temple (1/1) D:4

Altars:
Ashenzari
Cheibriados
Dithmenos
Elyvilon
Fedhas
Hepliaklqana
Kikubaaqudgha
Makhleb
Okawaru
Qazlal
Ru
Sif Muna
Vehumet
Xom
Zin
The Shining One

Shops:
D:4 :

Annotations:
D:7 Maggie


Innate Abilities, Weirdness & Mutations

You cannot be hasted, slowed, berserked, paralysed or teleported.
You can dig through walls and to a lower floor.
You have a pair of large antennae on your head. (SInv)
Your four strong arms can wield two-handed weapons with a shield.


Message History

You hit Maggie.
Your weapon exudes an aura of protection.
Maggie is heavily wounded.
Maggie hits you with a +0 scimitar!
* * * LOW HITPOINT WARNING * * *
Maggie zaps a wand.
The puff of flame hits you but does no damage.
You feel better. Maggie hits you with a +0 scimitar!
* * * LOW HITPOINT WARNING * * *
Magic courses through your body.
Maggie mumbles some strange words.
Maggie draws you further into her thrall.
Casting: Sandblast (safe; 1% risk of failure)
Confirm with . or Enter, or press ? or * to list all spells.
Aiming: Stone Arrow (dangerous; 2% risk of failure)
Press: ? - help, Shift-Dir - straight line, f/p - Maggie
Aim: Maggie, wielding a +0 scimitar, wearing +0 steam dragon scales and carrying a wand of flame (heavily wounded, mesmerising, 74% to hit)
The stone arrow hits Maggie!!
Maggie is almost dead.
Maggie zaps a wand.
The puff of flame hits you!
* * * LOW HITPOINT WARNING * * *
Casting: Stone Arrow (dangerous; 2% risk of failure)
Confirm with . or Enter, or press ? or * to list all spells.
Aiming: Stone Arrow (dangerous; 2% risk of failure)
Press: ? - help, Shift-Dir - straight line, f/p - Maggie
Aim: Maggie, wielding a +0 scimitar, wearing +0 steam dragon scales and carrying a wand of flame (almost dead, mesmerising, 74% to hit)
The stone arrow misses Maggie.
Maggie gestures at you while chanting. The bolt of fire misses you.
Unknown command.
Casting: Stone Arrow (dangerous; 2% risk of failure)
Confirm with . or Enter, or press ? or * to list all spells.
Aiming: Stone Arrow (dangerous; 2% risk of failure)
Press: ? - help, Shift-Dir - straight line, f/p - Maggie
Aim: Maggie, wielding a +0 scimitar, wearing +0 steam dragon scales and carrying a wand of flame (almost dead, mesmerising, 74% to hit)
The stone arrow misses Maggie.
Maggie gives herself a magical halo, but it quickly sputters out.
Maggie points at you and mumbles some strange words.
The bolt of fire hits you!
You die...

##..###.......)⌠...oY..⌠.
##...................l..
####...........⌠...⌠.
##.[........)..... ..#
###..........## ..#
####....#†## ..#
#.#.....## ..#
###.###.#..## ..#
.......@##..####.<####
...)...@###..........##
..............@......°.
....###########.....○...
## ##########


You could see Maggie (mesmerising).

Vanquished Creatures
  Eustachio (D:4)
  Menkaure (D:5)
  A water moccasin (D:5)
  Edmund (D:4)
  An orc warrior (D:6)
  2 black bears
  An ice beast (D:6)
  A sky beast (D:7)
  2 ogres
  A centaur (D:6)
  A kobold brigand (D:5)
  A bullfrog (D:3)
  3 scorpions
  3 killer bees (D:6)
  2 howler monkeys (D:6)
  A bombardier beetle (D:4)
  2 jellies
  4 hounds
  Jessica (D:2)
  A gnoll bouda (D:4)
  3 iguanas
  6 orc wizards
  10 gnolls
  8 adders
  A shadow imp (D:6)
  2 white imps
  3 ufetubi
  6 dart slugs
  17 orcs
  7 bats
  4 endoplasms (D:1)
  2 giant cockroaches
  7 goblins
  7 hobgoblins
  6 jackals
  3 quokkas
  9 ball pythons
  2 frilled lizards (D:2)
  9 kobolds
  3 rats
146 creatures vanquished.

Notes
Turn   | Place    | Note
-------+----------+-------------------------------------------
     0 | D:1      | firemarshallily the Formicid Earth Elementalist began the
                  | quest for the Orb.
     0 | D:1      | Reached XP level 1. HP: 13/13 MP: 3/3
   141 | D:1      | Reached skill level 1 in Conjurations
   191 | D:1      | Reached XP level 2. HP: 20/20 MP: 0/5
   419 | D:1      | Reached skill level 4 in Earth Magic
   781 | D:2      | Reached XP level 3. HP: 15/25 MP: 2/6
  1008 | D:2      | Reached skill level 1 in Fighting
  1242 | D:2      | Reached XP level 4. HP: 29/32 MP: 4/8
  1320 | D:2      | Identified the +1 great sword of the Badger {drain, rF+
                  | Will+ Int-3 Stlth+}
  1360 | D:2      | Noticed Jessica
  1362 | D:2      | Killed Jessica
  1367 | D:2      | Learned a level 3 spell: Stone Arrow
  1371 | D:2      | Learned a level 3 spell: Passwall
  1560 | D:2      | Found a faded altar of an unknown god.
  1650 | D:3      | Noticed an ogre
  1657 | D:3      | Killed an ogre
  1658 | D:3      | Reached skill level 5 in Earth Magic
  1658 | D:3      | Reached XP level 5. HP: 9/38 MP: 0/10
  1873 | D:3      | Reached XP level 6. HP: 42/44 MP: 1/11
  1962 | D:3      | Learned a level 4 spell: Brom's Barrelling Boulder
  2353 | D:3      | Noticed a black bear
  2357 | D:3      | Killed a black bear
  2435 | D:3      | Reached skill level 6 in Earth Magic
  2504 | D:3      | Reached XP level 7. HP: 51/51 MP: 11/13
  2556 | D:3      | Found a burning altar of Makhleb.
  2785 | D:3      | Found a stormy altar of Qazlal.
  3262 | D:4      | Found a staircase to the Ecumenical Temple.
  3310 | Temple   | Entered the Ecumenical Temple
  3321 | Temple   | Became a worshipper of Sif Muna the Loreminder
  3366 | D:4      | Found Xiruriru's Vocational Training.
  3385 | D:4      | Identified the +9 short sword of Slow Death {speed, Str+5}
  3431 | D:4      | Reached skill level 5 in Spellcasting
  3529 | D:4      | Noticed Edmund
  3555 | D:4      | HP: 1/52 [Edmund/+2 dire flail of protection (8)]
  3559 | D:4      | Killed Edmund
  3560 | D:4      | Reached skill level 1 in Invocations
  3560 | D:4      | Reached XP level 8. HP: 14/58 MP: 11/15
  3900 | D:4      | Noticed Eustachio
  3918 | D:4      | Killed Eustachio
  3919 | D:4      | Reached skill level 7 in Earth Magic
  4291 | D:5      | Entered Level 5 of the Dungeon
  4855 | D:5      | Noticed Menkaure
  4857 | D:5      | Killed Menkaure
  4867 | D:5      | Reached XP level 9. HP: 41/65 MP: 1/18
  5263 | D:5      | Reached skill level 8 in Earth Magic
  5939 | D:6      | Reached * piety under Sif Muna
  6364 | D:6      | Found a hazy altar of Hepliaklqana.
  6618 | D:6      | Reached skill level 9 in Earth Magic
  6622 | D:6      | Reached skill level 5 in Fighting
  7085 | D:7      | Noticed Maggie
  7121 | D:7      | HP: 2/68 [Maggie/puff of flame (9)]
  7123 | D:7      | Killed from afar by Maggie

Illustrated notes

Levels and vault maps discovered:
D:1:      roderic_crop_circles_arrival_large, layout_basic
D:2:      layout_basic, shapermc_ecumenical_altar_notcrosses, uniq_jessica
D:3:      kb_forest_paths, layout_basic, lemuel_crystal_altar,
          mainiacjoe_overflow_24_doors, minmay_pentomino_pile
D:4:      layout_rooms, minmay_temple_entry_poolview, nicolae_shop_vocational,
          uniq_eustachio, uniq_edmund
D:5:      layout_loops_cross, uniq_menkaure
D:6:      minmay_recursive_quarters, layout_gridville,
          mainiacjoe_overflow_surrounded_room, skrybe_limestone_x
D:7:      layout_rooms, tgw_trog, grunt_ministairs_2, uniq_jeremiah, uniq_maggie
Temple:   nicolae_temple_figure_eight

Skill      XL: |  1  2  3  4  5  6  7  8  9 |
---------------+----------------------------+-----
Conjurations   | 1 2 3 4 |  4.4
Earth Magic    | 4 5 6 7 9 |  9.1
Fighting       | 1 2 3 4 5 |  5.1
Spellcasting   | 3 4 5 6 7 |  7.2
Invocations    | 1 2 4 |  4.3
Dodging        | |  1.7
Stealth        | |  2.4

Action                     |  1- 3 |  4- 6 |  7- 9 || total
---------------------------+-------+-------+-------++-------
  Melee: Hand axe          |     6 |       |       ||     6
         Unarmed           |     1 |       |       ||     1
         Whip              |     2 |     3 |     1 ||     6
         Dire flail        |       |       |    31 ||    31
   Cast: Sandblast         |    40 |    47 |    75 ||   162
         Stone Arrow       |       |     9 |    84 ||    93
         Brom's Barrelling |       |       |     3 ||     3
    Use: Potion            |       |       |     6 ||     6
         Scroll            |       |       |    11 ||    11
   Stab: Sleeping          |     1 |       |       ||     1
 Armour: Robe              |    12 |    20 |    41 ||    73
         Skin              |       |       |     2 ||     2
         Leather armour    |       |       |    52 ||    52
  Dodge: Dodged            |     4 |    27 |    86 ||   117
